 Dungeon Crawl Stone Soup version 0.30.0 (webtiles) character file.

Game seed: 2289488510335791223

6262 gggh the Blocker (level 10, -14/63 HPs)
             Began as a Gargoyle Fighter on Nov 21, 2023.
             Was an Elder of Okawaru.
             Killed from afar by an acid dragon (28 damage)
             ... with a splash of acid
             ... on level 10 of the Dungeon.
             The game lasted 00:28:30 (8067 turns).

gggh the Blocker (Gargoyle Fighter)                 Turns: 8067, Time: 00:28:31

Health: -14/63     AC: 24    Str: 24    XL:     10   Next: 93%
Magic:  10/10      EV: 12    Int:  9    God:    Okawaru [****..]
Gold:   4          SH: 11    Dex:  9    Spells: 9/9 levels left

rFire   . . .        B - +3 hand axe (venom)
rCold   . . .        c - +0 buckler
rNeg    + . .        h - +1 plate armour
rPois   ∞            (no helmet)
rElec   +            I - +2 cloak
rCorr   .            l - +0 pair of gloves
SInv    .            u - +0 pair of boots
Will    .....        q - amulet of reflection Stlth
                     A - +5 ring of evasion
HPRegen 0.30/turn    (no ring)
MPRegen 0.12/turn

%: reflection
@: corroded
A: sickness immunity, AC +7, negative energy resistance 1, electricity
resistance, torment resistance 1, petrification resistance
a: Renounce Religion, Heroism, Finesse


You were on level 10 of the Dungeon.
You worshipped Okawaru.
Okawaru was greatly pleased with you.
You visited 2 branches of the dungeon, and saw 11 of its levels.

You collected 478 gold pieces.
You spent 474 gold pieces at shops.

Inventory:

Hand Weapons
 a - a +0 flail
 t - a +1 mace of flaming
 B - a +3 hand axe of venom (weapon)
Armour
 b - a +0 scale mail
 c - a +0 buckler (worn)
 h - a +1 plate armour (worn)
 l - a +0 pair of gloves (worn)
 o - a +0 cloak
 u - a +0 pair of boots (worn)
 G - +0 acid dragon scales
 I - a +2 cloak (worn)
Jewellery
 j - an amulet of the acrobat
 p - a ring of flight
 q - an amulet of reflection (around neck)
 y - a ring of wizardry
 A - a +5 ring of evasion (left hand)
Wands
 v - a wand of flame (19)
 z - a wand of polymorph (4)
 D - a wand of roots (13)
 E - a wand of digging (8)
 H - a wand of paralysis (12)
Scrolls
 e - 2 scrolls of amnesia
 w - 2 scrolls of enchant armour
 C - 2 scrolls of teleportation
 F - a scroll of blinking
Potions
 d - 3 potions of might
 f - 6 potions of curing
 g - a potion of lignification
 i - 3 potions of degeneration
 k - 4 potions of heal wounds
 m - a potion of cancellation
 n - 3 potions of attraction
 r - a potion of flight
 s - 3 potions of haste
 x - 2 potions of mutation {unknown}


   Skills:
 + Level 7.5 Fighting
 + Level 8.2(8.8) Axes
 + Level 5.1(7.7) Maces & Flails
 + Level 8.6 Armour
 + Level 1.3 Dodging
 + Level 1.2 Stealth
 + Level 9.2 Shields


You had 9 spell levels left.
You didn't know any spells.
Your spell library contained the following spells:

 Spells                   Type           Power      Damage    Failure   Level
 Beastly Appendage        Tmut           0%         N/A       99%         1
 Wereblood                Tmut           0%         N/A       100%        2
 Dazzling Flash           Conj/Hex       0%         N/A       100%        3
 Spider Form              Tmut/Pois      0%         N/A       100%        3
 Volatile Blastmotes      Fire/Tloc      0%         2d10      100%        3
 Iskenderun's Mystic Bla  Conj/Tloc      0%         2d3       100%        4
 Leda's Liquefaction      Hex/Erth       0%         N/A       100%        4
 Lee's Rapid Deconstruct  Erth           0%         3d4*      100%        5
 Starburst                Conj/Fire      0%         6d3       100%        6
 Statue Form              Tmut/Erth      Unusable   N/A       N/A         6

Dungeon Overview and Level Annotations

Branches:
Dungeon (10/15)            Temple (1/1) D:7
   Lair: D:8-11         Orc: D:9-12

Altars:
Ashenzari
Cheibriados
Fedhas
Gozag
Kikubaaqudgha
Makhleb
Nemelex Xobeh
Okawaru
Qazlal
Ru
Sif Muna
Trog
Uskayaw
Wu Jian
Xom
Yredelemnul
Zin
The Shining One

Shops:
D:2 (   D:6 !   D:10 *

Annotations:
D:3 2 transporters, 1 runed translucent door, Crazy Yiuf
D:6 3 runed translucent doors, mratface's ghost, novice HOFi


Innate Abilities, Weirdness & Mutations

You are immune to sickness and miasma.
Your stone body is resilient. (AC +7)
You are immune to poison.
You resist negative energy. (rN+)
You are resistant to electric shocks. (rElec)
You are resistant to unholy torment.
You are immune to petrification.


Message History

The acid dragon bites you but does no damage.
The acid dragon barely misses you.
You hit the acid dragon.
The acid dragon is poisoned.
The acid dragon is lightly wounded.
You hit the yak.
The yak looks as sick as possible!
The acid dragon bites you but does no damage.
The acid dragon misses you. The yak gores you.
You hit the acid dragon.
The acid dragon is moderately wounded.
You hit the yak.
The yak looks as sick as possible!
The acid dragon spits acid at you. The splash of acid hits you!
* * * LOW HITPOINT WARNING * * *
The acid corrodes you! The yak barely misses you.
You hit the acid dragon.
The acid dragon is heavily wounded.
You hit the yak but do no damage.
The yak looks as sick as possible!
The yak barely misses you.
The acid dragon bites you but does no damage.
The acid dragon claws you but does no damage.
You hit the acid dragon but do no damage.
The acid dragon is heavily wounded.
You hit the yak but do no damage.
You kill the yak!
Okawaru accepts your kill. The acid dragon bites you.
* * * LOW HITPOINT WARNING * * *
The acid dragon barely misses you.
A wraith comes into view.
You closely miss the acid dragon.
The acid dragon is heavily wounded.
The acid dragon bites you but does no damage.
The acid dragon closely misses you.
You hit the acid dragon.
The acid dragon is severely wounded.
You barely miss the acid dragon.
The acid dragon is severely wounded.
The acid dragon spits acid at you. The splash of acid hits you!!
You die...

# .## ###..#
#)##.# ##..#.#
#...#.#
#.....#
##...#.#
#@...#.#
...#.#D).##.#
#$....W.##..#
##.....##..###
#######.....#
#.###.# #.#
#.# #.# #.#
#.# #.#


You could see a wraith and an acid dragon (poisoned, catching breath).

Vanquished Creatures
  A troll (D:9)
  Sigmund (D:5)
  A wraith (D:9)
  15 yaks
  2 steam dragons
  An acid dragon (D:9)
  3 water moccasins
  A hornet zombie (D:6)
  An orc warrior (D:9)
  2 sky beasts
  3 black bears
  An ogre (D:5)
  2 centaurs
  A phantom (D:6)
  3 kobold brigands
  2 bullfrogs (D:7)
  5 scorpions
  A water moccasin zombie (D:6)
  8 killer bees
  2 howler monkeys (D:5)
  3 jellies
  An orc priest (D:5)
  A gnoll bouda (D:7)
  2 hounds
  Ijyb (D:5)
  4 iguanas
  9 orc wizards
  12 gnolls
  5 adders
  2 white imps (D:7)
  3 worms
  3 dart slugs
  21 orcs
  11 endoplasms
  A giant cockroach (D:3)
  7 goblins
  9 hobgoblins
  7 jackals
  22 kobolds
  3 quokkas
  7 ball pythons
  6 bats
  3 frilled lizards
  6 rats
205 creatures vanquished.

Vanquished Creatures (others)
  An orc wizard (D:5)
1 creature vanquished.

Grand Total: 206 creatures vanquished

Notes
Turn   | Place    | Note
-------+----------+-------------------------------------------
     0 | D:1      | gggh the Gargoyle Fighter began the quest for the Orb.
     0 | D:1      | Reached XP level 1. HP: 14/14 MP: 1/1
   101 | D:1      | Reached XP level 2. HP: 19/19 MP: 2/2
   519 | D:1      | Reached XP level 3. HP: 22/23 MP: 3/3
  1415 | D:2      | Found Neph's Antique Weapon Boutique.
  1583 | D:3      | Found a transporter.
  1637 | D:3      | Found a runed translucent door.
  1638 | D:3      | Noticed Crazy Yiuf
  1672 | D:3      | Found a transporter.
  1753 | D:3      | Reached XP level 4. HP: 24/29 MP: 4/4
  1971 | D:3      | Reached skill level 4 in Shields
  2430 | D:2      | Bought a runed mace for 114 gold pieces
  2823 | D:4      | Found a glowing silver altar of Zin.
  2855 | D:4      | Reached XP level 5. HP: 22/33 MP: 5/5
  2961 | D:4      | Found a sparkling altar of Nemelex Xobeh.
  3171 | D:4      | Found an iron altar of Okawaru.
  3344 | D:5      | Entered Level 5 of the Dungeon
  3364 | D:5      | Noticed Ijyb
  3367 | D:5      | Reached XP level 6. HP: 31/39 MP: 6/6
  3380 | D:5      | Killed Ijyb
  3435 | D:5      | Noticed Sigmund
  3457 | D:5      | Killed Sigmund
  3458 | D:5      | Reached skill level 5 in Fighting
  3458 | D:5      | Reached skill level 5 in Shields
  3459 | D:5      | Reached skill level 5 in Armour
  3461 | D:5      | Reached XP level 7. HP: 10/44 MP: 7/7
  3967 | D:5      | Found a stormy altar of Qazlal.
  3968 | D:5      | Found a hide-covered altar of Uskayaw.
  4074 | D:5      | Reached skill level 1 in Axes
  4074 | D:5      | Reached XP level 8. HP: 45/51 MP: 8/8
  4231 | D:5      | Reached skill level 6 in Shields
  4243 | D:5      | Found a burning altar of Makhleb.
  4597 | D:4      | Became a worshipper of Warmaster Okawaru
  4862 | D:6      | Reached skill level 5 in Maces & Flails
  4971 | D:6      | Found a runed translucent gate.
  4971 | D:6      | Found a runed translucent gate.
  4971 | D:6      | Found a runed translucent gate.
  4971 | D:6      | Noticed mratface's ghost (novice HOFi)
  4973 | D:6      | Found a basalt altar of Yredelemnul.
  5036 | D:6      | Reached * piety under Okawaru
  5174 | D:6      | Found an ornate altar of the Wu Jian Council.
  5186 | D:6      | Reached XP level 9. HP: 55/55 MP: 9/9
  5422 | D:6      | Found Ucwaa's Distillery.
  5426 | D:6      | Bought a potion of might for 48 gold pieces
  5426 | D:6      | Bought a potion of might for 48 gold pieces
  5442 | D:6      | Reached skill level 7 in Shields
  5819 | D:7      | Found a staircase to the Ecumenical Temple.
  5848 | Temple   | Entered the Ecumenical Temple
  5902 | D:7      | Reached ** piety under Okawaru
  5977 | D:7      | Reached skill level 1 in Stealth
  6049 | D:7      | Reached skill level 5 in Axes
  6465 | D:8      | Reached skill level 8 in Shields
  6468 | D:8      | Reached *** piety under Okawaru
  6628 | D:8      | Reached skill level 1 in Dodging
  6818 | D:8      | Reached XP level 10. HP: 61/61 MP: 10/10
  6863 | D:8      | Found an ancient bone altar of Kikubaaqudgha.
  7546 | D:9      | Reached **** piety under Okawaru
  7604 | D:9      | Reached skill level 9 in Shields
  7859 | D:9      | Found an opulent altar of Gozag.
  7953 | D:10     | Entered Level 10 of the Dungeon
  7971 | D:10     | Found Xofiappo's General Store.
  7989 | D:10     | Bought a +2 cloak for 264 gold pieces
  8067 | D:10     | Killed from afar by an acid dragon

Illustrated notes

Levels and vault maps discovered:
D:1:      dpeg_arrival_arbitrary_b, layout_loops_ring, minmay_split_cup_small
D:2:      layout_basic, serial_shops, shop, lightli_corner_chamber
D:3:      gammafunk_wand_slinger, layout_basic, uniq_crazy_yiuf_cottage
D:4:      layout_cave_pools, zin_statuary, nicolae_overflow_hidden_temple,
          mainiacjoe_overflow_boulevard, minmay_misc_feat_chi,
          hangedman_decor_clover_reticule
D:5:      layout_loops_cross, mainiacjoe_overflow_divided_tiny,
          lightli_temple_of_fire, uniq_ijyb, uniq_sigmund
D:6:      layout_layer_cave, nicolae_yredelemnul_ghost_church,
          mainiacjoe_overflow_chevrons, serial_shops, shop
D:7:      layout_basic, minmay_temple_entry_junction_2
D:8:      layout_basic, kennysheep_mini, minmay_misc_feat_tiny
D:9:      layout_big_octagon, nicolae_gozag_seed_capital
D:10:     minmay_the_grid_octo_tiled_octocenter
          [minmay_the_grid_octo_vomiting_pacman, minmay_the_grid_octo_odd_swirl,
          minmay_the_grid_octo_shrine, minmay_the_grid_octo_fat_diamond,
          minmay_the_grid_octo_prize_star,
          minmay_the_grid_square_5x5_spiral_small,
          minmay_the_grid_square_5x5_two_walls_a,
          minmay_the_grid_square_5x5_mess, minmay_the_grid_square_5x5_forky],
          layout_rooms, mainiacjoe_overflow_cross_hatched, lemuel_doored_altar,
          riverfiend_overflow_shadow_ancestor, serial_shops, shop, shop, shop,
          nicolae_shop_tiny_waterfront, nicolae_shop_trees, minmay_shop_chei,
          grunt_ministairs_4, chequers_mini_garden, uniq_maurice, uniq_snorg
Temple:   hellmonk_temple_two_chambers

Skill      XL: |  1  2  3  4  5  6  7  8  9 10 |
---------------+-------------------------------+-----
Fighting       | 4 5 6 7 |  7.5
Shields        | 4 5 6 8 9 |  9.2
Armour         | 4 5 6 7 8 |  8.6
Maces & Flails | 3 4 5 |  5.1
Axes           | 1 3 6 8 |  8.2
Stealth        | 1 |  1.2
Dodging        | 1 |  1.3

Action                     |  1- 3 |  4- 6 |  7- 9 | 10-12 || total
---------------------------+-------+-------+-------+-------++-------
  Melee: Flail             |   118 |    43 |       |       ||   161
         Mace              |       |    47 |    56 |       ||   103
         Hand axe          |       |       |   304 |   155 ||   459
    Use: Scroll            |     3 |     2 |     8 |     5 ||    18
 Armour: Scale mail        |     6 |       |       |       ||     6
         Plate armour      |   102 |    92 |   186 |    60 ||   440
  Dodge: Dodged            |    38 |    29 |   145 |    59 ||   271
  Block: Buckler           |    25 |    35 |   180 |    60 ||   300
         Reflection        |       |     2 |     2 |     4 ||     8
